| TOP OF THE 1ST |
|
Milwaukee (NYP) Brewers batting - Pitching for West Virginia Black Bears : RHP Andres Guillen
|
|
Pitching: RHP Andres Guillen
|
|
|
Batting: RHB Wiliama Dana
|
0-0: Ball 1-0: Ground out U3 (Groundball, 34S, EV 77.5 MPH)
|
|
Batting: LHB Dusty Bryant
|
0-0: Fly out, F9 (Line Drive, 9LM, EV 90.0 MPH)
|
|
Batting: RHB Tristan Smeets
|
0-0: Ball 1-0: Swinging Strike 1-1: Foul Ball, location: 2F 1-2: Ball 2-2: Strikes out swinging
|
| Top of the 1st over - 0 runs, 0 hits, 0 errors, 0 left on base; Milwaukee (NYP) 0 - West Virginia 0 |
| BOTTOM OF THE 1ST |
|
West Virginia Black Bears batting - Pitching for Milwaukee (NYP) Brewers : RHP Brad Nathan
|
|
Pitching: RHP Brad Nathan
|
|
|
Batting: SHB Don Hauk
|
0-0: Ball 1-0: Ball 2-0: Foul Ball, location: 2F 2-1: Ball 3-1: Foul Ball, location: 2F 3-2: Foul Ball, location: 2F 3-2: Base on Balls
|
|
Batting: SHB Yutaro Takahashi
|
0-0: Ball 1-0: Called Strike 1-1: Foul Ball, location: 2F 1-2: Foul Ball, location: 2F 1-2: Strikes out swinging
|
|
Batting: LHB Dave Cook
|
0-0: Swinging Strike 0-1: Called Strike Don Hauk steals 2nd, throwing error, E2 Don Hauk to third 0-2: Foul Ball, location: 2F 0-2: Foul Ball, location: 2F 0-2: Foul Ball, location: 2F 0-2: Strikes out swinging
|
|
Batting: RHB Mike Weeks
|
0-0: Called Strike 0-1: Ball 1-1: Foul Ball, location: 2F 1-2: Strikes out swinging
|
| Bottom of the 1st over - 0 runs, 0 hits, 1 error, 1 left on base; Milwaukee (NYP) 0 - West Virginia 0 |
| TOP OF THE 2ND |
|
Milwaukee (NYP) Brewers batting - Pitching for West Virginia Black Bears : RHP Andres Guillen
|
|
Batting: LHB Mark Backstrom
|
0-0: Ball 1-0: Foul Ball, location: 2F 1-1: Called Strike 1-2: Ball 2-2: Strikes out swinging
|
|
Batting: RHB Alfredo Sena
|
0-0: Ball 1-0: Called Strike 1-1: Ball 2-1: SOLO HOME RUN (Flyball, 9D, EV 101.9 MPH), Distance : 396 ft
|
|
Batting: LHB Greg Reedy
|
0-0: Swinging Strike 0-1: Ball 1-1: Swinging Strike 1-2: Fly out, F8 (Flyball, 89D, EV 96.2 MPH)
|
|
Batting: RHB Jonathan Sarles
|
0-0: Ball 1-0: Ball 2-0: Ball 3-0: Called Strike 3-1: Foul Ball, location: 2F 3-2: DOUBLE (Flyball, 78XD, EV 114.4 MPH)
|
|
Batting: RHB Lorenzo Diaz
|
0-0: Called Strike 0-1: Ball 1-1: Ball 2-1: Ground out 6-3 (Groundball, 6S, EV 81.9 MPH)
|
| Top of the 2nd over - 1 run, 2 hits, 0 errors, 1 left on base; Milwaukee (NYP) 1 - West Virginia 0 |
| BOTTOM OF THE 2ND |
|
West Virginia Black Bears batting - Pitching for Milwaukee (NYP) Brewers : RHP Brad Nathan
|
|
Batting: LHB Jesse Haught
|
0-0: Foul Ball, location: 2F 0-1: Foul Ball, location: 2F 0-2: Strikes out swinging
|
|
Batting: RHB Sam Voss
|
0-0: Swinging Strike 0-1: Ball 1-1: Foul Ball, location: 2F 1-2: Strikes out looking
|
|
Batting: RHB Erik Mulligan
|
0-0: Ball 1-0: Ball 2-0: Called Strike 2-1: Foul Ball, location: 2F 2-2: Strikes out looking and he ARGUES THE CALL AND IS TOSSED!
|
| Bottom of the 2nd over - 0 runs, 0 hits, 0 errors, 0 left on base; Milwaukee (NYP) 1 - West Virginia 0 |
| TOP OF THE 3RD |
|
Milwaukee (NYP) Brewers batting - Pitching for West Virginia Black Bears : RHP Andres Guillen
|
|
Now at 3B: Jim Weidman
|
|
|
Batting: RHB Justin Marino
|
0-0: Ball 1-0: Called Strike 1-1: Ground out 2-3 (Groundball, 15S, EV 70.0 MPH)
|
|
Batting: RHB Wiliama Dana
|
0-0: Called Strike 0-1: Ball 1-1: Foul Ball, location: 2F 1-2: Foul Ball, location: 2F 1-2: Ground out U3 (Groundball, 34, EV 80.6 MPH)
|
|
Batting: LHB Dusty Bryant
|
0-0: Ball 1-0: Called Strike 1-1: Ball 2-1: Foul Ball, location: 2F 2-2: Strikes out looking
|
| Top of the 3rd over - 0 runs, 0 hits, 0 errors, 0 left on base; Milwaukee (NYP) 1 - West Virginia 0 |
| BOTTOM OF THE 3RD |
|
West Virginia Black Bears batting - Pitching for Milwaukee (NYP) Brewers : RHP Brad Nathan
|
|
Batting: LHB William Matthews
|
0-0: Called Strike 0-1: Hit by Pitch
|
|
Batting: SHB Rob Haney
|
0-0: Called Strike William Matthews steals 2nd base 0-1: Ball Wild Pitch! William Matthews to third 1-1: Fly out, F8 (Flyball, 8RM, EV 83.8 MPH)
|
|
Batting: SHB Don Hauk
|
0-0: Ball 1-0: Called Strike 1-1: Swinging Strike 1-2: Foul Ball, location: 2F 1-2: Ball 2-2: Ball 3-2: Foul Ball, location: 2F 3-2: SINGLE (Line Drive, 9S, EV 96.2 MPH) William Matthews scores
|
|
Batting: SHB Yutaro Takahashi
|
0-0: Ball 1-0: Ball 2-0: Called Strike 2-1: Ball Don Hauk steals 2nd base 3-1: Ground out U3 (Groundball, 3, EV 81.9 MPH) Don Hauk to third
|
|
Batting: LHB Dave Cook
|
0-0: Foul Ball, location: 2F 0-1: Swinging Strike 0-2: Ball 1-2: Ball 2-2: Ball 3-2: Strikes out looking
|
| Bottom of the 3rd over - 1 run, 1 hit, 0 errors, 1 left on base; Milwaukee (NYP) 1 - West Virginia 1 |
| TOP OF THE 4TH |
|
Milwaukee (NYP) Brewers batting - Pitching for West Virginia Black Bears : RHP Andres Guillen
|
|
Batting: RHB Tristan Smeets
|
0-0: Called Strike 0-1: Ground out 5-3 (Groundball, 56S, EV 73.8 MPH)
|
|
Batting: LHB Mark Backstrom
|
0-0: Ball 1-0: Ball 2-0: Ball 3-0: Foul Ball, location: 2F 3-1: Base on Balls
|
|
Batting: RHB Alfredo Sena
|
0-0: Fly out, F8 (Flyball, 8RD, EV 88.8 MPH)
|
|
Batting: LHB Greg Reedy
|
0-0: Ball 1-0: Swinging Strike 1-1: Foul Ball, location: 2F 1-2: Strikes out swinging
|
| Top of the 4th over - 0 runs, 0 hits, 0 errors, 1 left on base; Milwaukee (NYP) 1 - West Virginia 1 |
| BOTTOM OF THE 4TH |
|
West Virginia Black Bears batting - Pitching for Milwaukee (NYP) Brewers : RHP Brad Nathan
|
|
Batting: RHB Mike Weeks
|
0-0: Called Strike 0-1: Called Strike 0-2: Strikes out swinging
|
|
Batting: LHB Jesse Haught
|
0-0: Called Strike 0-1: Called Strike 0-2: Ball 1-2: Ball 2-2: Ground out 4-3 (Groundball, 4, EV 98.1 MPH)
|
|
Batting: RHB Sam Voss
|
0-0: Fly out, F9 (Line Drive, 89S, EV 96.2 MPH)
|
| Bottom of the 4th over - 0 runs, 0 hits, 0 errors, 0 left on base; Milwaukee (NYP) 1 - West Virginia 1 |
| TOP OF THE 5TH |
|
Milwaukee (NYP) Brewers batting - Pitching for West Virginia Black Bears : RHP Andres Guillen
|
|
Batting: RHB Jonathan Sarles
|
0-0: Ball 1-0: Called Strike 1-1: Ball 2-1: Reached on error, E3 (Groundball, 34, EV 78.8 MPH)
|
|
Batting: RHB Lorenzo Diaz
|
0-0: Called Strike 0-1: Foul Ball, location: 2F 0-2: Strikes out swinging
|
|
Batting: RHB Justin Marino
|
0-0: Called Strike 0-1: Ball 1-1: Ball 2-1: SINGLE (Groundball, 6MD, EV 101.2 MPH) Jonathan Sarles to second Runner from 2nd tries for 3rd, SAFE, throw by CF made to third
|
|
Batting: RHB Wiliama Dana
|
0-0: Called Strike 0-1: Ball 1-1: Swinging Strike 1-2: Ball 2-2: Strikes out swinging
|
|
Batting: LHB Dusty Bryant
|
0-0: Ball 1-0: Ball 2-0: Ball 3-0: Base on Balls Justin Marino to second
|
|
Batting: RHB Tristan Smeets
|
0-0: Ball 1-0: Foul Ball, location: 2F 1-1: Ball 2-1: Ball 3-1: Base on Balls Jonathan Sarles scores Justin Marino to third Dusty Bryant to second
|
|
Pitching: RHP Randy Nelligan
|
|
|
Batting: LHB Mark Backstrom
|
0-0: Ball 1-0: Called Strike 1-1: Ball 2-1: Foul Ball, location: 2F 2-2: Ball 3-2: Base on Balls Justin Marino scores Dusty Bryant to third Tristan Smeets to second
|
|
Batting: RHB Alfredo Sena
|
0-0: Swinging Strike 0-1: Foul Ball, location: 2F 0-2: Foul Ball, location: 2F 0-2: Hit by Pitch Dusty Bryant scores Tristan Smeets to third Mark Backstrom to second
|
|
Batting: LHB Greg Reedy
|
0-0: Ball Wild Pitch! Tristan Smeets scores Mark Backstrom to third Alfredo Sena to second 1-0: Foul Ball, location: 2F 1-1: Foul Ball, location: 2F 1-2: Ball 2-2: Strikes out looking
|
| Top of the 5th over - 4 runs, 1 hit, 1 error, 2 left on base; Milwaukee (NYP) 5 - West Virginia 1 |
| BOTTOM OF THE 5TH |
|
West Virginia Black Bears batting - Pitching for Milwaukee (NYP) Brewers : RHP Brad Nathan
|
|
Batting: LHB Jim Weidman
|
0-0: Called Strike 0-1: Ball 1-1: Ball 2-1: Foul Ball, location: 2F 2-2: SINGLE (Groundball, 34D, EV 104.4 MPH)
|
|
Batting: LHB William Matthews
|
0-0: Ball 1-0: Foul Ball, location: 2F 1-1: Called Strike 1-2: Ball Passed Ball! Jim Weidman to second Balk! Jim Weidman to third 2-2: Strikes out swinging
|
|
Batting: SHB Rob Haney
|
0-0: Called Strike 0-1: Foul Ball, location: 2F 0-2: Ball 1-2: Ground out 6-3 (Groundball, 6, EV 82.5 MPH) Jim Weidman scores
|
|
Batting: SHB Don Hauk
|
0-0: Foul Ball, location: 2F 0-1: Foul Ball, location: 2F 0-2: Ball 1-2: Foul Ball, location: 2F 1-2: Ground out 5-3 (Groundball, 56, EV 110.0 MPH)
|
| Bottom of the 5th over - 1 run, 1 hit, 0 errors, 0 left on base; Milwaukee (NYP) 5 - West Virginia 2 |
| TOP OF THE 6TH |
|
Milwaukee (NYP) Brewers batting - Pitching for West Virginia Black Bears : RHP Randy Nelligan
|
|
Batting: RHB Jonathan Sarles
|
0-0: Ball 1-0: Ball 2-0: Foul Ball, location: 2F 2-1: Ball 3-1: Base on Balls
|
|
Pitching: LHP Juan Hernandez
|
|
|
Batting: RHB Lorenzo Diaz
|
0-0: Called Strike 0-1: Ball 1-1: Foul Ball, location: 2F 1-2: Foul Ball, location: 2F 1-2: Ball Passed Ball! Jonathan Sarles to second 2-2: Strikes out swinging
|
|
Batting: RHB Justin Marino
|
0-0: Ball 1-0: Ball 2-0: Ball 3-0: Base on Balls
|
|
Batting: RHB Wiliama Dana
|
0-0: Ball 1-0: Called Strike 1-1: Ball 2-1: Foul Ball, location: 2F 2-2: Foul Ball, location: 2F 2-2: Ball 3-2: Foul Ball, location: 2F 3-2: Foul Ball, location: 2F 3-2: Strikes out swinging
|
|
Batting: LHB Dusty Bryant
|
0-0: Called Strike 0-1: Called Strike 0-2: Strikes out swinging
|
| Top of the 6th over - 0 runs, 0 hits, 0 errors, 2 left on base; Milwaukee (NYP) 5 - West Virginia 2 |
| BOTTOM OF THE 6TH |
|
West Virginia Black Bears batting - Pitching for Milwaukee (NYP) Brewers : RHP Brad Nathan
|
|
Pitching: RHP Dustin Pryor
|
|
|
Batting: SHB Yutaro Takahashi
|
0-0: Swinging Strike 0-1: Ball 1-1: Ball 2-1: Foul Ball, location: 2F 2-2: Ground out U3 (Groundball, 3, EV 104.4 MPH)
|
|
Batting: LHB Dave Cook
|
0-0: Swinging Strike 0-1: Fly out, F8 (Flyball, 89M, EV 81.2 MPH)
|
|
Batting: RHB Mike Weeks
|
0-0: Called Strike 0-1: Ball 1-1: Ground out 5-3 (Groundball, 5, EV 88.8 MPH)
|
| Bottom of the 6th over - 0 runs, 0 hits, 0 errors, 0 left on base; Milwaukee (NYP) 5 - West Virginia 2 |
| TOP OF THE 7TH |
|
Milwaukee (NYP) Brewers batting - Pitching for West Virginia Black Bears : LHP Juan Hernandez
|
|
Batting: RHB Tristan Smeets
|
0-0: Ball 1-0: Foul Ball, location: 2F 1-1: Ball 2-1: Ball 3-1: Base on Balls
|
|
Batting: LHB Mark Backstrom
|
0-0: Called Strike 0-1: Ball 1-1: Ball 2-1: Swinging Strike 2-2: Foul Ball, location: 2F 2-2: SINGLE (Flyball, 8RS, EV 93.1 MPH) Tristan Smeets to second
|
|
Batting: RHB Alfredo Sena
|
0-0: Ball 1-0: Called Strike 1-1: Ball 2-1: Swinging Strike 2-2: Ball 3-2: Strikes out swinging
|
|
Batting: LHB Greg Reedy
|
0-0: Called Strike 0-1: Ball 1-1: Ball 2-1: Foul Ball, location: 2F 2-2: Ball 3-2: Foul Ball, location: 2F 3-2: Foul Ball, location: 2F 3-2: SINGLE (Groundball, 6MD, EV 100.6 MPH) Tristan Smeets to third Mark Backstrom to second
|
|
Batting: RHB Jonathan Sarles
|
0-0: Ball 1-0: Fly out, F9 (Flyball, 9, EV 89.4 MPH) Runner from 3rd tags up, SCORES, no throw by RF
|
|
Pitching: RHP Onne Stubbe
|
|
|
Batting: RHB Lorenzo Diaz
|
0-0: Ball 1-0: Ball 2-0: Ball 3-0: Called Strike 3-1: Foul Ball, location: 2F 3-2: Strikes out looking
|
| Top of the 7th over - 1 run, 2 hits, 0 errors, 2 left on base; Milwaukee (NYP) 6 - West Virginia 2 |
| BOTTOM OF THE 7TH |
|
West Virginia Black Bears batting - Pitching for Milwaukee (NYP) Brewers : RHP Dustin Pryor
|
|
Now in CF: Michael Dickerson
|
|
|
Now in RF: Mark Backstrom
|
|
|
Batting: LHB Jesse Haught
|
0-0: Reached on error, E6 (Groundball, 6, EV 85.0 MPH)
|
|
Batting: RHB Sam Voss
|
0-0: Ball 1-0: Ball 2-0: Foul Ball, location: 2F 2-1: Foul Ball, location: 2F 2-2: Foul Ball, location: 2F 2-2: Foul Ball, location: 2F 2-2: Ball 3-2: Base on Balls
|
|
Batting: LHB Jim Weidman
|
0-0: Foul Ball, location: 2F 0-1: Ball 1-1: Fly out, F8 (Flyball, 78D, EV 98.1 MPH)
|
|
Batting: LHB William Matthews
|
0-0: Called Strike 0-1: Foul Ball, location: 2F 0-2: Ball 1-2: Strikes out swinging
|
|
Batting: SHB Rob Haney
|
0-0: Fly out, F9 (Line Drive, 89M, EV 98.1 MPH)
|
| Bottom of the 7th over - 0 runs, 0 hits, 1 error, 2 left on base; Milwaukee (NYP) 6 - West Virginia 2 |
| TOP OF THE 8TH |
|
Milwaukee (NYP) Brewers batting - Pitching for West Virginia Black Bears : RHP Onne Stubbe
|
|
Pinch Hitting: SHB C.J. Olivares
|
0-0: Ball 1-0: Ball 2-0: Ball 3-0: Called Strike 3-1: Fly out, F8 (Flyball, 78M, EV 89.4 MPH)
|
|
Batting: RHB Wiliama Dana
|
0-0: Swinging Strike 0-1: Called Strike 0-2: Ball 1-2: Foul Ball, location: 2F 1-2: SINGLE (Line Drive, 3D, EV 96.9 MPH)
|
|
Batting: RHB Michael Dickerson
|
0-0: Ball Wiliama Dana steals 2nd base 1-0: Ball 2-0: Ball 3-0: Called Strike 3-1: Foul Ball, location: 2F 3-2: Reached on error, E6 (Groundball, 6, EV 78.8 MPH) Wiliama Dana scores
|
|
Pitching: RHP Francisco Santos
|
|
|
Batting: RHB Tristan Smeets
|
0-0: Called Strike 0-1: Foul Ball, location: 2F 0-2: Strikes out swinging
|
|
Batting: LHB Mark Backstrom
|
0-0: Called Strike 0-1: Called Strike 0-2: Strikes out looking
|
| Top of the 8th over - 1 run, 1 hit, 1 error, 1 left on base; Milwaukee (NYP) 7 - West Virginia 2 |
| BOTTOM OF THE 8TH |
|
West Virginia Black Bears batting - Pitching for Milwaukee (NYP) Brewers : RHP Dustin Pryor
|
|
Now at 1B: Chris Maul
|
|
|
Batting: SHB Don Hauk
|
0-0: Called Strike 0-1: Ball 1-1: Swinging Strike 1-2: Ball 2-2: Strikes out looking
|
|
Pitching: RHP Ryan Powers
|
|
|
Batting: SHB Yutaro Takahashi
|
0-0: Called Strike 0-1: Swinging Strike 0-2: Ball 1-2: Foul Ball, location: 2F 1-2: Fly out, F8 (Flyball, 78S, EV 94.4 MPH)
|
|
Batting: LHB Dave Cook
|
0-0: Ball 1-0: Ball 2-0: Ball 3-0: Called Strike 3-1: Fly out, F3 (Line Drive, 3, EV 74.4 MPH)
|
| Bottom of the 8th over - 0 runs, 0 hits, 0 errors, 0 left on base; Milwaukee (NYP) 7 - West Virginia 2 |
| TOP OF THE 9TH |
|
Milwaukee (NYP) Brewers batting - Pitching for West Virginia Black Bears : RHP Francisco Santos
|
|
Batting: RHB Alfredo Sena
|
0-0: Ball 1-0: SINGLE (Groundball, 56, EV 102.5 MPH)
|
|
Batting: LHB Greg Reedy
|
0-0: Called Strike 0-1: Foul Ball, location: 2F 0-2: Ball 1-2: Strikes out looking
|
|
Batting: RHB Jonathan Sarles
|
0-0: Called Strike 0-1: Ball 1-1: Fielders Choice at 2nd, 6-4 (Groundball, 6, EV 80.0 MPH)
|
|
Batting: RHB Lorenzo Diaz
|
0-0: Ball 1-0: Ball 2-0: DOUBLE (Line Drive, 7LD, EV 99.4 MPH) Jonathan Sarles to third Runner from 3rd tries for Home, SAFE, throw by LF to home
|
|
Batting: RHB Chris Maul
|
0-0: Ball 1-0: Ball 2-0: Ball 3-0: Called Strike 3-1: Foul Ball, location: 2F 3-2: Base on Balls
|
|
Batting: RHB Wiliama Dana
|
0-0: Ground out 5-3 (Groundball, 56S, EV 85.0 MPH)
|
| Top of the 9th over - 1 run, 2 hits, 0 errors, 2 left on base; Milwaukee (NYP) 8 - West Virginia 2 |
| BOTTOM OF THE 9TH |
|
West Virginia Black Bears batting - Pitching for Milwaukee (NYP) Brewers : RHP Ryan Powers
|
|
Batting: RHB Mike Weeks
|
0-0: Ball 1-0: Ball 2-0: Swinging Strike 2-1: Foul Ball, location: 2F 2-2: Strikes out swinging
|
|
Batting: LHB Jesse Haught
|
0-0: Ball 1-0: Swinging Strike 1-1: Called Strike 1-2: Strikes out swinging
|
|
Batting: RHB Sam Voss
|
0-0: SINGLE (Groundball, 4, EV 95.6 MPH)
|
|
Batting: LHB Jim Weidman
|
0-0: Called Strike 0-1: Swinging Strike 0-2: Strikes out swinging
|
| Bottom of the 9th over - 0 runs, 1 hit, 0 errors, 1 left on base; Milwaukee (NYP) 8 - West Virginia 2 |
|